Map: Backwater LE

Players

CinDra - Winner!

  • Race: Zerg Zerg
  • League: Silver
  • Spawn Location: 11:00

Warrenator

  • Race: Terran Terran
  • League: Silver
  • Spawn Location: 5:00

VOD

Have the link to the VOD?

Description

Time

  • Played on: Feb. 25, 2018, 2:03 a.m.
  • Length: 14:46
Show
View Real Time Build Order
Export as new Build Order

CinDra Zerg - Winner!

Build Orders: Hatch First, Muta Ling Bane 

Get SALT Encoding   

  12  0:01  Drone  
  13  0:12  Overlord  
  13  0:19  Drone  
  14  0:32  Drone x2  
  16  0:39  Drone  
  17  0:54  Hatchery  
  16  0:57  Drone  
  16  1:03  Drone  
  18  1:08  Drone, Extractor  
  18  1:22  Spawning Pool  
  18  1:24  Drone  
  18  1:34  Drone  
  19  1:44  Drone  
  20  1:51  Drone  
  21  2:08  Queen  
  21  2:09  Queen  
  21  2:10  Zergling x4  
  21  2:11  Overlord  
  27  2:17  Zergling x2  
  27  2:19  Metabolic Boost  
  28  2:29  Drone x2  
  30  2:34  Drone  
  31  2:37  Extractor  
  31  2:41  Drone  
  31  2:43  Baneling Nest  
  30  2:49  Drone  
  31  2:52  Queen  
  33  3:05  Drone x3  
  35  3:08  Overlord  
  37  3:41  Zergling x8  
  37  3:42  Zergling x8  
  37  3:46  Overlord  
  44  3:55  Overlord  
  44  3:57  Overlord  
  44  4:11  Hatchery  
  40  4:19  Drone x5  
  40  4:20  Drone  
  46  4:42  Zergling x2  
  46  4:43  Zergling x12  
  46  4:44  Baneling  
  46  4:45  Baneling x5  
  53  5:00  Drone x7  
  53  5:04  Pneumatized Carapace, Lair  
  60  5:08  Drone x3  
  60  5:12  Extractor  
  62  5:14  Extractor  
  61  5:24  Drone x4  
  59  5:57  Zergling x2  
  59  5:58  Zergling x18  
  59  5:59  Zergling x8  
  59  6:00  Overlord  
  73  6:19  Drone x6  
  73  6:23  Overlord  
  79  6:33  Drone x2  
  79  6:34  Overlord x2  
  81  6:42  Spire  
  81  6:46  Roach Warren  
  79  6:50  Zergling x18  
  88  6:58  Baneling x6  
  88  6:59  Baneling x3  
  88  7:00  Baneling  
  88  7:03  Drone x11  
  99  7:09  Centrifical Hooks  
  99  7:13  Extractor  
  99  7:14  Overlord  
  99  7:15  Overlord, Extractor  
  98  7:17  Drone  
  85  7:57  Mutalisk  
  85  7:58  Mutalisk x9  
  95  8:08  Drone x2  
  95  8:09  Drone x2  
  99  8:17  Overseer  
  99  8:18  Overseer x3  
  99  8:21  Mutalisk  
  99  8:23  Zergling x2  
  99  8:24  Zergling x8  
  106  8:39  Zerg Flyer Weapons Level 1  
  106  8:41  Glial Reconstitution  
  106  8:43  Roach x8  
  106  8:47  Hatchery  
  121  9:06  Overlord  
  121  9:07  Overlord x15  
  119  10:07  Mutalisk  
  119  10:08  Mutalisk x13  
  146  10:23  Queen  
  142  10:51  Queen  
  144  11:10  Drone  
  144  11:11  Drone  
  146  11:13  Mutalisk x5  
  146  11:14  Mutalisk x4  
  164  11:18  Extractor  
  164  11:22  Extractor  
  164  11:25  Mutalisk x2  
  166  11:52  Mutalisk  
  166  11:53  Mutalisk x4  
  176  11:54  Zergling x2  
  176  11:55  Zergling x26  
  152  12:54  Mutalisk  
  152  12:55  Mutalisk x9  
  152  12:57  Zergling x2  
  152  12:58  Zergling x24  
  185  13:20  Roach x5  
  195  13:34  Roach  
  195  13:35  Zergling x2, Roach  
  162  14:00  Roach  
  162  14:01  Roach x15  
  191  14:17  Roach x5  
Show
View Real Time Build Order
Export as new Build Order

Warrenator Terran 

Build Orders: MMM Bio 

Get SALT Encoding   

  12  0:01  SCV  
  13  0:17  SCV, Supply Depot  
  14  0:29  SCV  
  14  0:31  Refinery  
  15  0:42  Barracks  
  15  0:45  SCV  
  16  0:58  SCV  
  17  1:10  SCV  
  18  1:22  SCV  
  19  1:30  Barracks Reactor, Supply Depot  
  19  1:34  SCV  
  20  1:41  Refinery  
  20  1:46  SCV  
  21  1:58  SCV  
  21  2:00  Command Center  
  22  2:07  Reaper x2  
  24  2:10  SCV  
  25  2:21  Engineering Bay  
  25  2:27  Orbital Command  
  25  2:54  Marine x2  
  25  2:57  SCV  
  28  3:00  Supply Depot  
  28  3:04  Factory  
  28  3:08  Terran Infantry Weapons Level 1  
  28  3:09  SCV  
  28  3:30  Marine x2  
  28  3:32  SCV  
  32  3:35  Orbital Command  
  31  3:44  SCV  
  31  3:47  Supply Depot  
  32  3:53  Starport  
  32  3:56  SCV  
  33  4:03  Barracks  
  33  4:06  Factory Tech Lab  
  33  4:09  Marine  
  33  4:18  Supply Depot  
  33  4:20  SCV  
  34  4:24  Refinery  
  34  4:33  Cyclone  
  37  4:41  SCV  
  37  4:43  SCV  
  39  4:50  Bunker  
  39  4:54  SCV  
  39  4:55  SCV  
  41  5:02  Terran Infantry Armor Level 1  
  41  5:05  Starport Reactor  
  41  5:06  SCV  
  42  5:11  Barracks Tech Lab  
  42  5:15  Barracks  
  42  5:19  Supply Depot  
  42  5:20  Siege Tank  
  45  5:24  Marine  
  45  5:25  Marine  
  45  5:28  SCV  
  48  5:30  SCV  
  49  5:49  Command Center  
  45  5:56  Siege Tank  
  48  5:57  Medivac  
  48  6:00  SCV  
  48  6:01  SCV  
  52  6:04  Marine  
  52  6:05  Marine  
  52  6:07  Barracks Tech Lab  
  54  6:12  SCV  
  54  6:17  Bunker  
  55  6:24  Marine x2  
  55  6:25  Marauder  
  59  6:27  Combat Shields  
  59  6:29  Stimpack  
  59  6:35  Fusion Core  
  59  6:42  Armory  
  59  6:45  Marine x2  
  61  6:49  Medivac  
  61  6:52  Medivac  
  61  6:53  SCV  
  66  6:55  SCV  
  67  7:01  Refinery  
  67  7:05  SCV x2  
  67  7:07  Refinery, SCV  
  70  7:11  Marine  
  70  7:12  Marine  
  72  7:16  Marauder  
  72  7:20  Marauder  
  76  7:25  Starport  
  76  7:32  Siege Tank  
  76  7:35  Terran Vehicle Weapons Level 1  
  79  7:43  Marine x2  
  80  7:58  Marine x2  
  64  8:00  Marine  
  64  8:01  Marine  
  68  8:05  Supply Depot  
  68  8:11  SCV x2  
  68  8:12  SCV  
  71  8:16  Marine x2  
  73  8:23  SCV  
  73  8:24  SCV x2  
  73  8:26  Starport  
  73  8:27  Starport Tech Lab  
  76  8:28  Supply Depot  
  76  8:35  SCV  
  76  8:36  SCV x2  
  76  8:39  Marine  
  76  8:40  Marine x3  
  83  8:43  Siege Tank  
  83  8:47  Medivac, SCV  
  83  8:48  SCV x2  
  91  8:51  Supply Depot  
  91  8:59  SCV  
  91  9:01  Battlecruiser  
  98  9:03  Starport Tech Lab  
  98  9:08  SCV x2  
  100  9:12  SCV  
  100  9:17  Supply Depot  
  97  9:20  SCV  
  90  9:40  Battlecruiser  
  90  9:41  Viking x2  
  91  10:01  Missile Turret  
  90  10:19  Marine  
  90  10:20  SCV x2  
  90  10:21  SCV  
  94  10:23  Battlecruiser  
  100  10:32  SCV  
  100  10:33  SCV  
  100  10:35  Viking x2  
  104  10:38  SCV  
  101  10:44  SCV  
  102  10:51  Missile Turret  
  102  10:54  Marine  
  102  10:55  Missile Turret  
  103  11:01  Weapon Refit  
  103  11:06  Terran Ship Weapons Level 1  
  103  11:07  Marine  
  104  11:23  Terran Infantry Weapons Level 2  
  104  11:25  SCV x2  
  106  11:26  SCV  
  106  11:27  Marine  
  108  11:37  SCV x2  
  108  11:38  SCV  
  111  11:40  Refinery  
  111  11:46  Missile Turret  
  111  11:49  Marine x3, SCV x2  
  111  11:50  SCV  
  117  11:55  Ghost Academy  
  92  12:34  Viking x4  
  100  12:39  SCV x2  
  100  12:40  SCV  
  95  13:04  Battlecruiser  
  101  13:07  Starport Tech Lab  
  101  13:14  Armory  
  101  13:19  SCV  
  102  13:20  SCV x2  
  102  13:22  Marine  
  105  13:27  Marine  
  105  13:32  SCV x3  
  109  13:37  Marine  
  110  13:44  SCV x3  
  66  13:59  Marine x4  
  56  14:16  Marine  
  56  14:17  Marine x3  
Tags
 
Add a new tag
Caveats
  • Supply blocks, unpowered buildings, or Contaminate may cause inaccurate times.
  • Supply counts are checked every 10 seconds.